[Event "Titled Tuesday Blitz December 7 2021"]
[White "Punin, Andrii"]
[Black "Samadov, Read"]
[WhiteFideId "14112639"]
[BlackFideId "13417444"]
[WhiteElo "2357"]
[BlackElo "2084"]
[Result "1-0"]
[Round "03"]
[TimeControl "180+1"]
[Date "2021.12.07"]
[WhiteClock "0:00:17"]
[BlackClock "0:00:01"]

1. e4 c5 2. Be2 e5 3. Nf3 Nc6 4. O-O g6 5. Bc4 Bg7 6. a4 Nf6 7. d3 d5 8. exd5 Nxd5 9. Nc3 Nxc3 10. bxc3 O-O 11. Nd2 b6 12. Ne4 Kh8 13. Qf3 Bb7 14. Ng5 f5 15. Nf7+ Rxf7 16. Bxf7 e4 17. Qh3 Ne5 18. Bc4 Nxc4 19. dxc4 Ba6 20. Bh6 Bf6 21. Rfd1 Qe7 22. Rd2 Bxc4 23. Rad1 Be6 24. Qg3 Kg8 25. Bf4 Re8 26. Bd6 Qg7 27. Bc7 g5 28. Qd6 Bxc3 29. Qc6 Qf7 30. Rd8 Rxd8 31. Rxd8+ Kg7 32. Bd6 Bd5 33. Qxd5 Qxd5 34. Bf8+ Kf7 35. Rxd5 Kxf8 36. Rxf5+ Ke7 37. Rxg5 Ke6 38. Kf1 a6 39. Ke2 Bf6 40. Rg8 b5 41. axb5 axb5 42. Rb8 b4 43. g4 Kd5 44. Rb7 h6 45. Rb6 Bg5 46. h4 Bxh4 47. Rxh6 Bd8 48. Rh8 Bf6 49. Rh6 Be5 50. g5 c4 51. Rb6 Kc5 52. Rb7 c3 53. g6 Kc4 1-0


[Site "https://www.chess.com"]

[Event "Titled Tuesday Blitz December 7 2021"]
[White "Rodchenkov, Sergey D."]
[Black "Zhigalko, Sergei"]
[WhiteFideId "4168712"]
[BlackFideId "13502956"]
[WhiteElo "2306"]
[BlackElo "2662"]
[Result "0-1"]
[Round "03"]
[TimeControl "180+1"]
[Date "2021.12.07"]
[WhiteClock "0:00:01"]
[BlackClock "0:00:13"]

1. e4 c5 2. Nf3 Nc6 3. d4 cxd4 4. Nxd4 Nf6 5. Nc3 e5 6. Ndb5 d6 7. Nd5 Nxd5 8. exd5 Nb8 9. a4 Be7 10. Be2 O-O 11. O-O Nd7 12. Bd2 f5 13. f3 Nf6 14. c4 Bd7 15. Nc3 Rc8 16. a5 Kh8 17. Kh1 Qc7 18. Be3 Qb8 19. Bf2 g5 20. Qd2 Rg8 21. Rfd1 Rg6 22. c5 dxc5 23. d6 Bf8 24. a6 b6 25. Bb5 Rd8 26. Bg3 f4 27. Bf2 e4 28. fxe4 Nxe4 29. Nxe4 Bxb5 30. b4 Bc6 31. Qd3 Qa8 32. Nd2 Bxg2+ 33. Kg1 Bh1 34. Qd4+ cxd4 0-1


[Site "https://www.chess.com"]

[Event "Titled Tuesday Blitz December 7 2021"]
[White "Romero Ruscalleda, Josep"]
[Black "Shyaamnikhil P"]
[WhiteFideId "2231859"]
[BlackFideId "5024218"]
[WhiteElo "2316"]
[BlackElo "2300"]
[Result "0-1"]
[Round "03"]
[TimeControl "180+1"]
[Date "2021.12.07"]
[WhiteClock "0:00:01"]
[BlackClock "0:00:18"]

1. e4 c5 2. c3 e6 3. d4 Nf6 4. e5 Nd5 5. Nf3 cxd4 6. cxd4 d6 7. Bd3 Nc6 8. a3 Be7 9. O-O O-O 10. Qe2 f5 11. exd6 Bxd6 12. Nc3 Nce7 13. Re1 h6 14. Ne5 Rf6 15. Bc4 Nxc3 16. bxc3 Nd5 17. Bd2 Bf8 18. Bb3 b6 19. c4 Nc7 20. Bc3 Bb7 21. a4 f4 22. f3 Rf5 23. a5 Bd6 24. axb6 axb6 25. Rxa8 Bxa8 26. Qa2 Qh4 27. c5 Rxe5 28. dxe5 Bxc5+ 29. Kh1 Bd5 30. Bxd5 Nxd5 31. Qc2 Qf2 32. Qxf2 Bxf2 33. Rc1 Be3 34. Rc2 b5 35. Bd2 Bd4 36. g3 fxg3 37. hxg3 Bxe5 38. f4 Bf6 39. Rc8+ Kf7 40. Rb8 b4 41. Bxb4 Nxb4 42. Rxb4 Kg6 43. Rb5 Bd4 44. Kg2 Kf6 45. Kf3 e5 46. fxe5+ Bxe5 47. g4 Bd4 48. Ke4 Bg1 49. Rf5+ Kg6 50. Kd5 Be3 51. Ke6 Bg5 52. Ke5 Bf6+ 53. Ke4 Bg5 54. Kf3 Bf6 55. Rb5 Bg5 56. Kg3 Bf6 57. Kf3 Bg5 58. Rb6+ Bf6 59. Kf4 Kh7 60. Kf5 Bd4 61. Rd6 Bc3 62. Rd7 Bb2 63. Ke6 Kg6 64. Rd5 Bf6 65. Rf5 Bg5 66. Kd5 h5 67. Ke4 hxg4 68. Rb5 Kh5 69. Rb1 g6 70. Rh1+ Bh4 71. Kf4 g5+ 72. Ke3 Kg6 0-1


[Site "https://www.chess.com"]

[Event "Titled Tuesday Blitz December 7 2021"]
[White "Rozhkov, Viacheslav"]
[Black "Khanin, Semen"]
[WhiteFideId "4181484"]
[BlackFideId "4111990"]
[WhiteElo "2324"]
[BlackElo "2442"]
[Result "0-1"]
[Round "03"]
[TimeControl "180+1"]
[Date "2021.12.07"]
[WhiteClock "0:00:18"]
[BlackClock "0:01:34"]

1. e4 c5 2. Nf3 d6 3. d4 cxd4 4. Nxd4 Nf6 5. Nc3 a6 6. Be3 e5 7. Nb3 Be6 8. f3 Nc6 9. Qd2 Ne7 10. O-O-O d5 11. exd5 Nexd5 12. Nxd5 Nxd5 13. c4 Nxe3 14. Qxe3 Qc7 15. Kb1 Be7 16. Re1 Rd8 17. Bd3 a5 18. Rc1 a4 19. Nd2 a3 20. b3 Qd7 21. Kc2 Bg5 22. Qxg5 Qxd3+ 23. Kd1 h6 0-1


[Site "https://www.chess.com"]

[Event "Titled Tuesday Blitz December 7 2021"]
[White "Rozman, Levy"]
[Black "Yilmaz, Mustafa"]
[WhiteFideId "2039877"]
[BlackFideId "6302718"]
[WhiteElo "2376"]
[BlackElo "2568"]
[Result "0-1"]
[Round "03"]
[TimeControl "180+1"]
[Date "2021.12.07"]
[WhiteClock "0:00:01"]
[BlackClock "0:00:20"]

1. d4 Nf6 2. c4 c5 3. d5 e6 4. Nc3 exd5 5. cxd5 d6 6. e4 g6 7. f4 Bg7 8. Nf3 O-O 9. Be2 Nbd7 10. O-O Re8 11. Qc2 Nb6 12. h3 Nh5 13. Re1 Ng3 14. Bb5 Bd7 15. Bxd7 Qxd7 16. Kh2 Nh5 17. g4 Nf6 18. f5 Qd8 19. Bg5 Nbd7 20. Rad1 a6 21. a4 Rb8 22. Bf4 Qc7 23. Bg3 b5 24. axb5 axb5 25. g5 Nh5 26. f6 Nxg3 27. Kxg3 Bf8 28. h4 b4 29. Ne2 b3 30. Qc3 Rxe4 31. Nf4 Ra4 32. h5 Rbb4 33. hxg6 hxg6 34. Ne6 Qa5 35. Rh1 Rg4+ 36. Kf2 Qxc3 37. bxc3 Ra2+ 38. Ke3 Rgg2 39. Rh3 Rae2+ 40. Kf4 fxe6 41. dxe6 Rxe6 42. Rdh1 d5 43. Rh8+ Kf7 44. R1h7+ Ke8 45. Rg8 Re4# 0-1


[Site "https://www.chess.com"]

[Event "Titled Tuesday Blitz December 7 2021"]
[White "Sadhwani, Raunak"]
[Black "Grunberg, Mihai-Lucian"]
[WhiteFideId "35093487"]
[BlackFideId "1204149"]
[WhiteElo "2562"]
[BlackElo "2364"]
[Result "0-1"]
[Round "03"]
[TimeControl "180+1"]
[Date "2021.12.07"]
[WhiteClock "0:02:02"]
[BlackClock "0:02:16"]

1. e4 Nf6 2. e5 Nd5 3. d4 d6 4. Nf3 dxe5 5. Nxe5 c6 6. c4 Nb4 7. Be3 Bf5 8. Na3 Nd7 9. Nd3 e5 10. Nxe5 Nxe5 11. dxe5 Qa5 12. Bd2 Qxe5+ 13. Be2 Qxb2 14. Qc1 Qxa3 0-1


[Site "https://www.chess.com"]

[Event "Titled Tuesday Blitz December 7 2021"]
[White "Sadykov, Ramil"]
[Black "Golubka, Petro"]
[WhiteFideId "24113590"]
[BlackFideId "14114224"]
[WhiteElo "2300"]
[BlackElo "2392"]
[Result "0-1"]
[Round "03"]
[TimeControl "180+1"]
[Date "2021.12.07"]
[WhiteClock "0:00:20"]
[BlackClock "0:00:43"]

1. e4 c5 2. Nf3 d6 3. d4 cxd4 4. Nxd4 Nf6 5. f3 a6 6. c4 e5 7. Nc2 Be7 8. Nc3 O-O 9. Be3 Be6 10. Qd2 Nbd7 11. Rc1 Rc8 12. Nd5 Re8 13. Be2 Nh5 14. g3 Bxd5 15. cxd5 h6 16. O-O Nhf6 17. Qb4 Nc5 18. a4 Nfd7 19. h4 h5 20. b3 g5 21. hxg5 Bxg5 22. Kf2 Kg7 23. Rh1 Rh8 24. Qa3 a5 25. b4 axb4 26. Nxb4 h4 27. Bxg5 hxg3+ 28. Kxg3 Qxg5+ 29. Kf2 Qf4 30. Rcg1+ Kf6 31. Qe3 Rxh1 32. Rxh1 Nxa4 33. Qxf4+ exf4 34. Rh6+ Ke7 35. Bb5 Nac5 36. Bxd7 Nxd7 37. Rh4 Ne5 38. Ke2 Ng6 39. Rh5 Rc4 40. Nd3 Rc2+ 41. Kd1 Rg2 42. Rf5 b5 43. Nxf4 Rg1+ 44. Kd2 Nh4 45. Rh5 Nxf3+ 46. Ke3 Ne5 47. Ne2 Re1 48. Rh2 b4 49. Rg2 b3 50. Kd2 b2 51. Nc3 b1=Q 52. Nxb1 Rxb1 53. Kc3 Re1 54. Kd4 Rd1+ 55. Ke3 Rd3+ 56. Ke2 Rh3 57. Rg5 Nc4 58. Rf5 Re3+ 59. Kf2 Rxe4 60. Kf3 Re5 61. Kf4 Rxf5+ 62. Kxf5 Nb6 63. Ke4 Kf6 64. Kf4 Nxd5+ 65. Ke4 Ke6 66. Kd4 f6 67. Ke4 f5+ 68. Kd4 Nf6 69. Kd3 Ke5 70. Ke3 d5 71. Kf3 d4 72. Ke2 Nd5 73. Kd3 f4 74. Ke2 Ke4 75. Kf2 d3 76. Ke1 Ke3 77. Kd1 Nc3+ 78. Kc1 d2+ 79. Kc2 d1=Q+ 80. Kxc3 Qc1+ 81. Kb4 Kd4 82. Kb5 Qc8 83. Kb6 Kd5 84. Kb5 Qb8+ 85. Ka4 Kc5 86. Ka3 Kc4 0-1


[Site "https://www.chess.com"]

[Event "Titled Tuesday Blitz December 7 2021"]
[White "Sanal, Vahap"]
[Black "Aradhya, Garg"]
[WhiteFideId "6300545"]
[BlackFideId "25006746"]
[WhiteElo "2499"]
[BlackElo "2176"]
[Result "0-1"]
[Round "03"]
[TimeControl "180+1"]
[Date "2021.12.07"]
[WhiteClock "0:00:07"]
[BlackClock "0:00:10"]

1. e4 e5 2. Nc3 Nc6 3. Bc4 Nf6 4. d3 Na5 5. Nge2 Nxc4 6. dxc4 b6 7. O-O Bb7 8. Ng3 Be7 9. Qd3 O-O 10. Nf5 Kh8 11. Qg3 Nh5 12. Qd3 g6 13. Nxe7 Qxe7 14. Bh6 Rfd8 15. Qe3 Nf6 16. h3 Ng8 17. Bg5 f6 18. Bh4 c6 19. Rad1 Kg7 20. Bg3 Nh6 21. f4 exf4 22. Rxf4 Nf5 23. Qf2 Nxg3 24. Qxg3 Rf8 25. Rf2 Rac8 26. Rd6 Rf7 27. b3 Re8 28. Rfd2 Bc8 29. a4 Qe5 30. Qd3 f5 31. Re2 f4 32. Rf2 g5 33. Qd2 h5 34. Rd3 g4 35. h4 Re6 36. Qc1 Ref6 37. Qe1 f3 38. Rf1 f2+ 39. Rxf2 Rxf2 40. Qxf2 Rxf2 41. Kxf2 Qf4+ 42. Ke2 Qh2 43. Kf1 Qh1+ 44. Kf2 Qxh4+ 45. Kf1 g3 46. Ne2 Qxe4 47. Nxg3 Qf4+ 48. Rf3 Qc1+ 49. Kf2 Qxc2+ 50. Kg1 Kg6 51. Rf2 Qc1+ 52. Kh2 d5 53. cxd5 cxd5 54. Ne2 Qe3 55. Nf4+ Kh6 56. Rf3 Qe5 57. Kg1 Bg4 58. Rf1 Qe3+ 59. Kh2 d4 60. Nd5 Qe5+ 61. Nf4 d3 0-1


[Site "https://www.chess.com"]

[Event "Titled Tuesday Blitz December 7 2021"]
[White "Saraci, Nderim"]
[Black "Materia, Marco"]
[WhiteFideId "6351921"]
[BlackFideId "45150451"]
[WhiteElo "2479"]
[BlackElo "2576"]
[Result "0-1"]
[Round "03"]
[TimeControl "180+1"]
[Date "2021.12.07"]
[WhiteClock "0:00:05"]
[BlackClock "0:01:35"]

1. d4 Nf6 2. Bf4 d5 3. e3 c5 4. Nd2 Nc6 5. c3 Bg4 6. Qb3 Qd7 7. h3 Bf5 8. Ngf3 c4 9. Qd1 e6 10. b3 b5 11. a4 b4 12. bxc4 bxc3 13. Nb3 Bb4 14. Qc1 Ne4 15. Be2 c2+ 16. Nbd2 Nc3 17. cxd5 Qxd5 18. Bc4 Qd7 19. O-O O-O 20. Re1 Na5 21. Bf1 Rac8 22. e4 Bg6 23. Qxc2 Ne2+ 24. Bxe2 Rxc2 25. Bb5 Qd8 26. Red1 Bh5 27. Nf1 Bxf3 28. gxf3 Bd6 29. Be3 Qh4 30. Kg2 Nc4 0-1


[Site "https://www.chess.com"]

[Event "Titled Tuesday Blitz December 7 2021"]
[White "Silich, Yahor"]
[Black "Nenezic, Marko"]
[WhiteFideId "13513656"]
[BlackFideId "912123"]
[WhiteElo "2070"]
[BlackElo "2484"]
[Result "0-1"]
[Round "03"]
[TimeControl "180+1"]
[Date "2021.12.07"]
[WhiteClock "0:00:01"]
[BlackClock "0:01:26"]

1. e4 c5 2. Nf3 d6 3. Bb5+ Bd7 4. Bxd7+ Qxd7 5. c4 Nc6 6. Nc3 g6 7. d4 cxd4 8. Nxd4 Bg7 9. Be3 Nf6 10. f3 O-O 11. O-O Rfc8 12. b3 a6 13. a4 Qd8 14. Qd2 Nd7 15. Rab1 Nxd4 16. Bxd4 Bxd4+ 17. Qxd4 Qb6 18. Qxb6 Nxb6 19. Rfd1 Kf8 20. e5 Rc6 21. exd6 Rxd6 22. Rxd6 exd6 23. Rd1 Rd8 24. a5 Nc8 25. c5 f5 26. Kf2 Ke8 27. cxd6 Rxd6 28. Rxd6 Nxd6 29. Ke3 Kd7 30. Kd4 Kc6 31. Ke5 Nb5 32. Nd5 Kc5 33. g4 fxg4 34. fxg4 Na7 35. h4 Nc6+ 36. Ke4 h6 37. h5 gxh5 38. gxh5 Kd6 39. b4 Ke6 40. Nf4+ Kf6 41. Nd5+ Kg5 0-1


[Site "https://www.chess.com"]

[Event "Titled Tuesday Blitz December 7 2021"]
[White "Silva Lucena, Cristian"]
[Black "Enkhnar, Enkhbaatar"]
[WhiteFideId "2232588"]
[BlackFideId "4900324"]
[WhiteElo "2223"]
[BlackElo "2176"]
[Result "1/2-1/2"]
[Round "03"]
[TimeControl "180+1"]
[Date "2021.12.07"]
[WhiteClock "0:00:41"]
[BlackClock "0:00:17"]

1. c4 e6 2. g3 d5 3. Nf3 Nf6 4. Bg2 d4 5. O-O c5 6. e3 Nc6 7. exd4 Nxd4 8. Nxd4 Qxd4 9. d3 Be7 10. Nc3 O-O 11. Nb5 Qd8 12. Bf4 Ne8 13. Qe2 a6 14. Nc3 Nd6 15. Bxd6 Qxd6 16. Rad1 Rb8 17. Qe3 Rd8 18. Ne4 Qd4 19. Qxd4 Rxd4 20. Nc3 Bf6 21. Ne4 b6 22. Nxf6+ gxf6 23. Rfe1 f5 24. Bf1 Bb7 25. Rb1 b5 26. b4 bxc4 27. dxc4 Be4 28. Rb2 Rxb4 29. Rxb4 cxb4 30. c5 a5 31. Rc1 Bc6 32. Bg2 Bxg2 33. Kxg2 Rd7 34. c6 Rc7 35. Rc5 a4 36. Rc4 b3 37. axb3 axb3 38. Rb4 Rxc6 39. Rxb3 Kg7 40. Rb8 Rc4 41. Ra8 h5 42. h4 f4 43. Rb8 fxg3 44. fxg3 Rc2+ 45. Kf3 Rc3+ 46. Kf2 Kf6 47. Rh8 Kg6 48. Rg8+ Kh6 49. Rg5 Rd3 50. Ke2 Rd5 51. Rg8 Rd4 52. Kf2 Rb4 53. Rg5 Rd4 54. Rg8 Rd5 55. Kf3 Kh7 56. Ra8 Kg7 57. Kf4 Rf5+ 58. Ke3 Kf6 59. Rh8 Ke5 60. Ra8 Kf6 61. Rh8 Re5+ 62. Kf3 Rf5+ 63. Ke3 1/2-1/2


[Site "https://www.chess.com"]

[Event "Titled Tuesday Blitz December 7 2021"]
[White "Sinitsina, Anastassia"]
[Black "Madaminov, Mukhiddin"]
[WhiteFideId "4504640"]
[BlackFideId "14210703"]
[WhiteElo "2161"]
[BlackElo "1916"]
[Result "0-1"]
[Round "03"]
[TimeControl "180+1"]
[Date "2021.12.07"]
[WhiteClock "0:00:42"]
[BlackClock "0:01:29"]

1. Nf3 Nf6 2. g3 e6 3. Bg2 b6 4. O-O Bb7 5. d3 Be7 6. Nbd2 O-O 7. e4 d5 8. e5 Nfd7 9. Re1 c5 10. Nf1 Nc6 11. Bf4 Qc7 12. h4 b5 13. N1h2 Rfc8 14. Ng4 Qd8 15. h5 h6 16. Qd2 Qf8 17. Nxh6+ gxh6 18. Bxh6 Qd8 19. Qf4 Bf8 20. Bg5 Ne7 21. h6 Qe8 22. Qg4 Ng6 23. Qh5 d4 24. Nh4 Bxg2 25. Kxg2 Kh7 26. Re4 Ndxe5 27. Bf6 Nxh4+ 28. gxh4 Ng6 29. Qg4 Bxh6 30. h5 Ne7 31. Kh1 Nf5 32. Rg1 c4 33. Re5 Qc6+ 34. Kh2 Rg8 0-1


[Site "https://www.chess.com"]

[Event "Titled Tuesday Blitz December 7 2021"]
[White "Sipila, Vilka"]
[Black "Eynullayev, Atilla"]
[WhiteFideId "505455"]
[BlackFideId "13413570"]
[WhiteElo "2334"]
[BlackElo "1982"]
[Result "0-1"]
[Round "03"]
[TimeControl "180+1"]
[Date "2021.12.07"]
[WhiteClock "0:00:31"]
[BlackClock "0:00:17"]

1. b3 Nf6 2. Bb2 g6 3. Nf3 Bg7 4. g3 O-O 5. Bg2 d5 6. c4 c6 7. O-O b6 8. d4 Bb7 9. Nc3 Nbd7 10. Re1 c5 11. dxc5 Nxc5 12. Ne5 d4 13. Nb5 Bxg2 14. Kxg2 Nfe4 15. Qxd4 Qxd4 16. Bxd4 a6 17. Nc7 Rad8 18. Nd5 e6 19. Ne7+ Kh8 20. N7c6 Rxd4 21. Nxd4 Bxe5 22. Rad1 Nc3 23. Rd2 N5e4 24. Rd3 Nxa2 25. Nc6 Bf6 26. Rd7 Nc5 27. Ra7 a5 28. Rd1 Kg7 29. Nxa5 Nc3 30. Rd6 bxa5 31. Rxa5 Nxb3 32. Ra7 Ne4 33. Rxe6 Nec5 34. Rc6 h5 35. Ra3 Be7 36. Rc7 Bd6 37. Rc6 Rd8 38. h3 Kf6 39. e3 Ke6 40. Rb6 Rc8 41. Kf3 Kd7 42. Ra7+ Rc7 43. Ra3 Nd2+ 44. Ke2 Nxc4 45. Rxd6+ Nxd6 46. Rc3 Nce4 47. Ra3 Rc2+ 48. Kd3 Rd2# 0-1


[Site "https://www.chess.com"]

[Event "Titled Tuesday Blitz December 7 2021"]
[White "Solovchuk, Oleksiy"]
[Black "Holt, Conrad"]
[WhiteFideId "14115220"]
[BlackFideId "2034387"]
[WhiteElo "2295"]
[BlackElo "2586"]
[Result "0-1"]
[Round "03"]
[TimeControl "180+1"]
[Date "2021.12.07"]
[WhiteClock "0:00:34"]
[BlackClock "0:01:51"]

1. e4 e6 2. d4 d5 3. Nc3 Nf6 4. e5 Nfd7 5. f4 c5 6. Nf3 Nc6 7. Be3 cxd4 8. Nxd4 Bc5 9. Qd2 O-O 10. Nce2 Qe7 11. O-O-O Bb4 12. c3 Ba5 13. h4 f6 14. Nxc6 bxc6 15. Nd4 Bb7 16. exf6 Nxf6 17. Bd3 c5 18. Nb3 Bb6 19. Bc2 a5 20. Kb1 a4 21. Nc1 a3 22. b3 Ba5 23. Qf2 d4 24. cxd4 Ne4 25. Bxe4 Bxe4+ 26. Nd3 c4 27. bxc4 Rfb8+ 28. Kc2 Rb2+ 0-1


[Site "https://www.chess.com"]

[Event "Titled Tuesday Blitz December 7 2021"]
[White "Stankovic, Ivan G"]
[Black "Savchenko, Boris"]
[WhiteFideId "902837"]
[BlackFideId "4147332"]
[WhiteElo "2195"]
[BlackElo "2499"]
[Result "0-1"]
[Round "03"]
[TimeControl "180+1"]
[Date "2021.12.07"]
[WhiteClock "0:00:11"]
[BlackClock "0:00:43"]

1. e4 c5 2. c4 Nc6 3. Nc3 g6 4. g3 Bg7 5. Bg2 e6 6. Nge2 Nge7 7. d3 O-O 8. Be3 Nd4 9. Rb1 a5 10. a3 b6 11. O-O Bb7 12. b4 axb4 13. axb4 d6 14. Qd2 Ra3 15. Bxd4 cxd4 16. Nb5 Ra4 17. Nbxd4 Qa8 18. Nb5 Ra2 19. Qe3 d5 20. exd5 Nf5 21. Qxb6 Ra6 22. Qc7 exd5 23. c5 Re8 24. Nf4 Be5 25. Qd7 Re7 26. Qxe7 Nxe7 27. d4 Bxf4 28. gxf4 Qc8 29. Nd6 Rxd6 30. cxd6 Nf5 31. Rbc1 Qd8 32. Rc7 Nxd6 33. Rfc1 Qf6 34. Rd7 Qxf4 35. Re1 Ba6 36. h3 Bb5 37. Rd8+ Kg7 38. Re3 Nf5 39. Rf3 Qxd4 0-1


[Site "https://www.chess.com"]

[Event "Titled Tuesday Blitz December 7 2021"]
[White "Starozhilov, Leonid"]
[Black "Bayo Milagro, Alvaro"]
[WhiteFideId "14106752"]
[BlackFideId "22275240"]
[WhiteElo "2414"]
[BlackElo "2270"]
[Result "1-0"]
[Round "03"]
[TimeControl "180+1"]
[Date "2021.12.07"]
[WhiteClock "0:00:04"]
[BlackClock "0:00:05"]

1. e4 e5 2. Nf3 Nc6 3. Bc4 Nf6 4. d3 Bc5 5. c3 d6 6. Nbd2 a5 7. Bb3 Be6 8. O-O O-O 9. Re1 h6 10. Nc4 b5 11. Ne3 a4 12. Bc2 Bb6 13. d4 exd4 14. Nxd4 Nxd4 15. cxd4 d5 16. e5 Ne4 17. f3 Ng5 18. h4 Nh7 19. Qd3 g6 20. h5 Qh4 21. Bd2 Qxh5 22. g4 Qh3 23. Rf1 Ng5 24. Ng2 c5 25. Be1 c4 26. Qe3 Nxf3+ 27. Rxf3 Qxg4 28. Rf4 Qh3 29. Qf2 g5 30. Rf6 Kg7 31. Bb4 Rfe8 32. Rf1 Ra7 33. Bf5 Bxf5 34. Rxf5 Kg8 35. Bc5 Bxc5 36. dxc5 Ree7 37. e6 Qh5 38. c6 1-0


[Site "https://www.chess.com"]

[Event "Titled Tuesday Blitz December 7 2021"]
[White "Stoyanov, Tsvetan"]
[Black "Guliev, Logman"]
[WhiteFideId "2917173"]
[BlackFideId "13400061"]
[WhiteElo "2191"]
[BlackElo "2128"]
[Result "0-1"]
[Round "03"]
[TimeControl "180+1"]
[Date "2021.12.07"]
[WhiteClock "0:00:02"]
[BlackClock "0:00:30"]

1. e4 c5 2. Nf3 d6 3. d4 cxd4 4. Nxd4 Nf6 5. Nc3 a6 6. h3 e6 7. g4 d5 8. exd5 Nxd5 9. Nde2 Bb4 10. Bd2 O-O 11. Bg2 Nxc3 12. Bxc3 Bxc3+ 13. Nxc3 Qb6 14. O-O Bd7 15. b3 Bc6 16. Ne4 Nd7 17. Qe2 Ne5 18. c4 Ng6 19. Qe3 Qxe3 20. fxe3 Nh4 21. Bh1 f5 22. Nc5 fxg4 23. Bxc6 bxc6 24. hxg4 Nf3+ 25. Kg2 Ng5 26. Rxf8+ Kxf8 27. Rd1 Ke7 28. Rd7+ Kf6 29. Rc7 Rd8 30. Rxc6 Rd2+ 31. Kg3 Rxa2 32. Rxa6 Re2 33. b4 Rxe3+ 34. Kf2 Rc3 35. b5 Rxc4 36. Nd7+ Ke7 37. Ne5 Rf4+ 38. Kg3 Re4 39. Nc6+ Kf6 40. b6 Re3+ 41. Kf2 Rb3 42. Na5 Ne4+ 43. Ke2 Rb2+ 44. Ke3 Nc5 45. Ra8 Rxb6 46. Rf8+ Kg5 47. Nc4 Rb3+ 48. Kd4 Nd7 49. Rd8 Nf6 50. Ne5 Rb4+ 51. Kc5 Rb1 52. Rh8 Re1 53. Kd6 Rd1+ 54. Ke7 Nxg4 55. Nf7+ Kg6 56. Rg8 h5 57. Nh8+ Kh7 58. Re8 Nf6 59. Rf8 e5 60. Nf7 e4 61. Rh8+ Kg6 62. Ne5+ Kf5 63. Nf7 e3 64. Nd6+ Rxd6 65. Kxd6 e2 66. Re8 Nxe8+ 0-1


[Site "https://www.chess.com"]

[Event "Titled Tuesday Blitz December 7 2021"]
[White "Svane, Rasmus"]
[Black "Silva, Miguel Antonio Neto"]
[WhiteFideId "4657101"]
[BlackFideId "1911929"]
[WhiteElo "2643"]
[BlackElo "2204"]
[Result "1-0"]
[Round "03"]
[TimeControl "180+1"]
[Date "2021.12.07"]
[WhiteClock "0:02:13"]
[BlackClock "0:01:50"]

1. Nf3 c5 2. c4 Nc6 3. Nc3 g6 4. e3 Nf6 5. d4 cxd4 6. exd4 d5 7. cxd5 Nxd5 8. Qb3 Nxc3 9. Bc4 Nd5 10. Bxd5 e6 11. Bxc6+ bxc6 12. O-O Qd5 13. Be3 Bg7 14. Rfc1 O-O 15. Nd2 Ba6 16. Rc5 Qd7 17. Qc3 Rfc8 18. Rc1 Rab8 19. b3 Bb7 20. Nc4 f6 21. Bf4 Ra8 22. Nd6 1-0


[Site "https://www.chess.com"]

[Event "Titled Tuesday Blitz December 7 2021"]
[White "Sviridov, Valery"]
[Black "Rakhmanov, Aleksandr"]
[WhiteFideId "4120680"]
[BlackFideId "4173708"]
[WhiteElo "2454"]
[BlackElo "2500"]
[Result "1/2-1/2"]
[Round "03"]
[TimeControl "180+1"]
[Date "2021.12.07"]
[WhiteClock "0:00:53"]
[BlackClock "0:00:37"]

1. Nf3 Nf6 2. g3 g6 3. Bg2 Bg7 4. O-O O-O 5. c4 c6 6. Nc3 d5 7. cxd5 cxd5 8. d4 Bd7 9. Bg5 Bc6 10. Ne5 e6 11. Qd2 Qb6 12. Rac1 Nfd7 13. Nf3 a5 14. h4 Nf6 15. Ne5 Nfd7 16. Nf3 Nf6 17. Bxf6 Bxf6 18. h5 Nd7 19. h6 Rfc8 20. Qf4 Qd8 21. e4 dxe4 22. Nxe4 Bxe4 23. Qxe4 Rab8 24. Rxc8 Qxc8 25. Qf4 Qd8 26. Rc1 Rc8 27. Rc3 Rxc3 28. bxc3 Be7 29. Ne5 Nxe5 30. Qxe5 Bf8 31. Bxb7 Bxh6 32. Kg2 Bg7 33. Qb5 h5 34. Bf3 Bf6 35. Qd3 Kg7 36. d5 exd5 37. Qxd5 Qxd5 38. Bxd5 Bxc3 39. f4 f5 40. Kf3 Be1 41. Bc4 Kf6 42. Bb3 Ke7 43. Bc4 Kf6 44. Bb3 h4 45. gxh4 Bxh4 46. Bc4 Be1 47. Bb3 Bc3 48. Bc4 g5 49. fxg5+ Kxg5 50. Bb3 Kf6 51. Bc4 Ke5 52. Bb3 Kd4 53. Bg8 f4 54. Bf7 a4 55. Bg8 a3 56. Bf7 Bb2 57. Bg8 Kc3 58. Bf7 Kd2 59. Bg8 Kc3 60. Bf7 Kd2 61. Bg8 Kc3 1/2-1/2


[Site "https://www.chess.com"]

[Event "Titled Tuesday Blitz December 7 2021"]
[White "Tarasova, Viktoriya"]
[Black "Gaehwiler, Gabriel"]
[WhiteFideId "4175840"]
[BlackFideId "1314530"]
[WhiteElo "2182"]
[BlackElo "2383"]
[Result "0-1"]
[Round "03"]
[TimeControl "180+1"]
[Date "2021.12.07"]
[WhiteClock "0:00:01"]
[BlackClock "0:00:12"]

1. d4 Nf6 2. c4 g6 3. Nc3 Bg7 4. e4 O-O 5. h3 d6 6. Be3 Na6 7. Be2 e5 8. d5 Nc5 9. Qc2 a5 10. g4 Bd7 11. O-O-O a4 12. f3 Qe7 13. h4 c6 14. h5 cxd5 15. exd5 e4 16. h6 Bh8 17. g5 exf3 18. Bxc5 fxe2 19. Qxe2 Qxe2 20. Ngxe2 dxc5 21. gxf6 Rfe8 22. Rdf1 Ra6 23. Ng3 Rxf6 24. Re1 Rf3 25. Rxe8+ Bxe8 26. Nge4 Bd4 27. d6 Kf8 28. Kc2 Bc6 29. Re1 f6 30. Nd5 Kf7 31. a3 g5 32. Nec3 Kg6 33. Re7 Rf2+ 34. Kb1 g4 35. d7 Bxd7 36. Rxd7 Kxh6 37. Ne4 Rf1+ 38. Kc2 Kg6 39. Rd8 Rf3 40. Ne7+ Kf7 41. Nd5 h5 42. Rd7+ Kg6 43. Ne7+ Kf7 0-1


[Site "https://www.chess.com"]

[Event "Titled Tuesday Blitz December 7 2021"]
[White "Toncheva, Nadya"]
[Black "Siddharth, Jagadeesh"]
[WhiteFideId "2924056"]
[BlackFideId "5818320"]
[WhiteElo "1920"]
[BlackElo "2127"]
[Result "0-1"]
[Round "03"]
[TimeControl "180+1"]
[Date "2021.12.07"]
[WhiteClock "0:00:08"]
[BlackClock "0:00:18"]

1. e4 e5 2. Nf3 Nf6 3. Nxe5 d6 4. Nf3 Nxe4 5. d4 d5 6. Bd3 Bd6 7. O-O O-O 8. Re1 Bf5 9. Nc3 Nxc3 10. bxc3 Bxd3 11. cxd3 Nd7 12. Bg5 f6 13. Bh4 c6 14. Bg3 Bxg3 15. hxg3 Re8 16. Qb3 Qb6 17. Rab1 Qxb3 18. axb3 Kf7 19. Kf1 Nb6 20. Ra1 a6 21. Re2 Nc8 22. Rxe8 Kxe8 23. Re1+ Kd7 24. c4 Nd6 25. Nd2 Nf5 26. Nf3 h5 27. Rc1 g5 28. cxd5 cxd5 29. Rc5 Kd6 30. Nd2 Nxd4 31. Rc1 Nc6 32. f4 g4 33. Kf2 Nb4 34. Rc3 Re8 35. d4 Re7 36. Nf1 Re4 37. Ne3 Nc6 38. Rd3 Ke6 39. Nc2 Kd7 40. Rd1 Kd6 41. Rh1 Nxd4 42. Ne3 Nxb3 43. Rxh5 d4 44. Nc4+ Kc6 45. Rf5 d3 46. Rxf6+ Kc5 47. Ne3 d2 48. Rf5+ Kb4 49. Rd5 Nd4 50. Nd1 Re2+ 51. Kf1 Re1+ 52. Kf2 Rxd1 53. Rxd4+ Kc3 54. Rd7 Re1 55. Rc7+ Kb4 56. Rxb7+ Kc5 57. Rc7+ Kb6 58. Rd7 d1=Q 0-1


[Site "https://www.chess.com"]

[Event "Titled Tuesday Blitz December 7 2021"]
[White "Vidit, Santosh Gujrathi"]
[Black "Krivonosov, Oleg"]
[WhiteFideId "5029465"]
[BlackFideId "11600349"]
[WhiteElo "2628"]
[BlackElo "2469"]
[Result "1/2-1/2"]
[Round "03"]
[TimeControl "180+1"]
[Date "2021.12.07"]
[WhiteClock "0:00:11"]
[BlackClock "0:00:20"]

1. c4 e6 2. g3 d5 3. Bg2 Nf6 4. Nf3 Be7 5. O-O O-O 6. d4 Nbd7 7. Qc2 c6 8. Rd1 b6 9. b3 Bb7 10. Nc3 Ba6 11. Qd3 Rc8 12. e4 dxe4 13. Nxe4 Nxe4 14. Qxe4 Bb7 15. Bf4 Nf6 16. Qe2 Bd6 17. Ne5 Qe7 18. Bg5 h6 19. Bxf6 gxf6 20. Ng4 f5 21. Ne5 Bxe5 22. dxe5 Rfd8 23. Rd2 c5 24. Rad1 Bxg2 25. Kxg2 Rxd2 26. Qxd2 Kg7 27. f3 Rc7 28. h4 Qe8 29. Qd6 Qe7 30. h5 Rb7 31. Qd2 Qg5 32. Qxg5+ hxg5 33. g4 fxg4 34. fxg4 b5 35. Rc1 b4 36. Rd1 a5 37. Kf3 a4 38. Ke4 Ra7 39. Rd3 axb3 40. axb3 Ra1 41. Rf3 Re1+ 42. Re3 Rxe3+ 43. Kxe3 Kh6 44. Kf3 Kg7 45. Ke2 Kh6 46. Ke3 Kg7 47. Ke4 Kh6 48. Kd3 Kg7 49. Ke3 Kh6 50. Kf3 Kg7 51. Kg3 Kh6 52. Kg2 Kg7 53. Kf3 Kh6 54. Ke4 Kg7 55. Ke3 1/2-1/2


[Site "https://www.chess.com"]